 Dungeon Crawl Stone Soup version 0.23.0-3-gf3c87f2 (webtiles) character file.

Game seed: 56825358084892368

5742 Monsterracer the Cleaver (level 10, -6/107 HPs)
             Began as an Ogre Abyssal Knight on Feb 24, 2019.
             Was a High Priest of Lugonu.
             Mangled by a yak (8 damage)
             ... on level 9 of the Dungeon.
             The game lasted 00:09:42 (11374 turns).

Monsterracer the Cleaver (Ogre Abyssal Knight)     Turns: 11374, Time: 00:09:43

Health: -6/107     AC: 11    Str: 18    XL:     10   Next: 77%
Magic:  15/15      EV:  7    Int: 15    God:    Lugonu [*****.]
Gold:   492        SH: 17    Dex: 11    Spells: 9/9 levels left

rFire    + . .     SeeInvis .   a - +2 war axe (elec)
rCold    . . .     Gourm    .   k - +0 large shield
rNeg     . . .     Faith    .   j - +0 robe
rPois    .         Spirit   .   (helmet restricted)
rElec    .         Reflect  +   q - +1 cloak
rCorr    .         Harm     .   (gloves unavailable)
MR       +....                  (boots unavailable)
Stlth    +.........             n - +2 amulet of reflection
HPRegen  0.27/turn              p - +6 ring of protection
MPRegen  0.14/turn              F - ring of protection from fire

@: no status effects
A: large, unfitting armour, clever 1, tough skin 1, wild magic 1
a: Depart the Abyss, Bend Space, Banish, Corrupt, Enter the Abyss, Renounce
Religion


You were on level 9 of the Dungeon.
You worshipped Lugonu.
Lugonu was extremely pleased with you.
You were not hungry.

You visited 1 branch of the dungeon, and saw 9 of its levels.
You visited the Abyss 1 time.

You collected 492 gold pieces.


Innate Abilities, Weirdness & Mutations

You are too large for most types of armour.
You have tough skin. (AC +1)
Your mind is acute. (Int +2)
Your spells are a little harder to cast, but a little more powerful.


   Skills:
 + Level 9.1 Fighting
 * Level 9.3(10.0) Axes
   Level 5.5(8.1) Polearms
 - Level 2.1 Dodging
 + Level 6.7 Shields
 * Level 7.3 Invocations


You had 9 spell levels left.
You didn't know any spells.
Your spell library contained the following spells:

 Spells                   Type           Power        Failure   Level  Hunger
 Summon Small Mammal      Summ           #...         89%         1    ##.....
 Call Imp                 Summ           #.......     96%         2    ###....
 Call Canine Familiar     Summ           #.......     99%         3    ####...
 Summon Guardian Golem    Hex/Summ       #.......     99%         3    ####...
 Summon Ice Beast         Ice/Summ       #.......     100%        4    #####..
 Summon Lightning Spire   Summ/Air       #.......     100%        4    #####..

Inventory:

Hand Weapons
 a - a +2 war axe of electrocution (weapon)
   (You found it on level 6 of the Dungeon)
 b - a +2 flail
   (You took it off a wight on level 6 of the Dungeon)
Armour
 j - a +0 robe (worn)
   (You found it on level 6 of the Dungeon)
 k - a +0 large shield (worn)
   (You found it on level 3 of the Dungeon)
 q - a +1 cloak (worn)
   (You found it on level 4 of the Dungeon)
Jewellery
 l - an uncursed ring of positive energy
   (You took it off a hobgoblin on level 3 of the Dungeon)
 n - a +2 amulet of reflection (around neck)
   (You found it on level 8 of the Dungeon)
 p - a +6 ring of protection (left hand)
   (You found it on level 4 of the Dungeon)
 x - an uncursed amulet of faith {unknown}
   (You found it on level 9 of the Dungeon)
 C - an uncursed ring of protection from cold
   (You took it off a goblin on level 3 of the Dungeon)
 F - a ring of protection from fire (right hand)
   (You found it on level 5 of the Dungeon)
Wands
 i - a wand of digging (6)
   (You found it on level 6 of the Dungeon)
 w - a wand of enslavement (10)
   (You found it on level 8 of the Dungeon)
Scrolls
 f - a scroll of identify
 m - a scroll of magic mapping
 r - a scroll of remove curse
 t - a scroll of teleportation {!r}
 v - 2 scrolls of fog
 X - 2 scrolls of blinking
Potions
 d - 4 potions of heal wounds
 e - 7 potions of curing
 g - a potion of invisibility
 h - a potion of flight
 o - a potion of degeneration
 s - a potion of ambrosia {!q}
 u - a potion of lignification {unknown}
 z - a potion of brilliance
Comestibles
 c - 9 rations

Dungeon Overview and Level Annotations

Branches:
Dungeon (9/15)             Temple (0/1) D:7            Lair (0/6) D:8
    Orc: D:9-12

Altars:
Dithmenos
Hepliaklqana
Nemelex Xobeh
Qazlal
Sif Muna
Uskayaw
Wu Jian
Xom
Zin
The Shining One
Lugonu

Shops:
D:5 (

Annotations:
D:7 2 transporters

##........#
##.........#
#..........#
##..........#
#...........#
##...........#
###†...........##
#YY@............#
#.ZY#####...##.....#
#.# #######...## #
#...# #######..# .
#........# .#
#.######.# . #.# #.#
.# #.# ###


You could see 3 yaks and a wyvern zombie.


Message History

You hear a bellow! x3
The yak gores you.
You take 4 damage, and have 97/106 hp.
You closely miss the yak.
The yak is severely wounded.
You closely miss the yak. You hit the yak.
A yak comes into view.
You block the yak's attack. The yak gores you!
A yak comes into view.
You take 15 damage, and have 82/106 hp.
You slash the yak!
You kill the yak!
Lugonu accepts your kill.
Your Fighting skill increases to level 9!
You hit the yak. Lightning courses through the yak!
A yak comes into view.
You block the yak's attack.
You barely miss the yak.
The yak is moderately wounded.
A wyvern zombie comes into view.
Unknown command.
You slash the yak!
The yak is severely wounded.
You block the yak's attack. You block the yak's attack. The yak gores you.
You take 5 damage, and have 79/107 hp.
You barely miss the yak.
The yak is severely wounded.
You hit the yak. The yak gores you. You block the yak's attack.
The yak gores you!
You take 18 damage, and have 61/107 hp.
You hit the yak.
The yak is moderately wounded.
You hit the yak but do no damage. The yak gores you. x2
You take 7 damage, and have 54/107 hp.
You are too injured to fight recklessly!
Unknown command.
You are too injured to fight recklessly!
You closely miss the yak.
The yak is moderately wounded.
You hit the yak. The yak gores you but does no damage. The yak gores you!
* * * LOW HITPOINT WARNING * * *
You block the yak's attack.
You take 15 damage, and have 39/107 hp.
You hit the yak. Lightning courses through the yak!
The yak is severely wounded.
You completely miss the yak. You block the yak's attack.
The yak closely misses you.
You hit the yak.
The yak is severely wounded.
You closely miss the yak. You block the yak's attack. x2
Unknown command.
Your shield prevents you from hitting the yak.
The yak is severely wounded.
You hit the yak. You block the yak's attack. x2
Unknown command.
You slash the yak!
The yak is almost dead.
You slash the yak!
You kill the yak!
Lugonu accepts your kill. The yak gores you but does no damage.
Unknown command.
You closely miss the yak.
The yak is almost dead.
The yak gores you!
* * * LOW HITPOINT WARNING * * *
You take 12 damage, and have 28/107 hp.
You slash the yak!
You kill the yak!
Lugonu accepts your kill. You block the yak's attack.
You hit the yak.
The yak is lightly wounded.
The yak gores you!
* * * LOW HITPOINT WARNING * * *
You take 17 damage, and have 12/107 hp.
You hit the yak but do no damage.
The yak is lightly wounded.
You block the yak's attack.
You slash the yak!
The yak is moderately wounded.
You block the yak's attack.
You barely miss the yak.
The yak is moderately wounded.
You block the yak's attack.
You slash the yak!
The yak is heavily wounded.
You block the yak's attack.
You hit the yak.
The yak is heavily wounded.
You block the yak's attack.
You hit the yak. Lightning courses through the yak!
The yak is almost dead.
The yak gores you!
* * * LOW HITPOINT WARNING * * *
You take 12 damage, and have 2/107 hp.
Unknown command.
The yak gores you!
You die...

Skill      XL: |  1  2  3  4  5  6  7  8  9 10 |
---------------+-------------------------------+-----
Polearms       | 3 4 5 |  5.5
Shields        | 1 3 5 6 |  6.7
Axes           | 3 4 6 8 9 |  9.3
Fighting       | 5 6 8 9 |  9.1
Invocations    | 5 7 |  7.3
Dodging        | |  2.1

Action                   |  1- 3 |  4- 6 |  7- 9 | 10-12 || total
-------------------------+-------+-------+-------+-------++-------
Melee: Spear             |   103 |   211 |       |       ||   314
       Hand axe          |       |    79 |   149 |       ||   228
       War axe           |       |       |   102 |   134 ||   236
Invok: Banish            |       |       |     1 |       ||     1
  Use: Potion            |       |     1 |     1 |       ||     2
       Scroll            |       |     8 |    12 |     2 ||    22
 Stab: Sleeping          |       |     1 |     1 |       ||     2
  Eat: Chunk             |     1 |     9 |     8 |     6 ||    24
       Ration            |       |     1 |     2 |       ||     3
Armor: Robe              |    25 |    72 |    74 |    35 ||   206
Dodge: Dodged            |    33 |    72 |    48 |    20 ||   173
Block: Large shield      |       |    74 |   194 |   104 ||   372

Levels and vault maps discovered:
D:1:      dpeg_arrival_tiny_a, layout_basic, minmay_misc_feat_square
D:2:      layout_loops_corners, nicolae_overflow_crystal_walls,
          roderic_serpentine_path, uniq_jessica, uniq_robin
D:3:      minmay_evil_eye, layout_loops_ring, nrook_loot_triangle,
          minmay_starry_boxes
D:4:      layout_basic, first_ration, lemuel_tele_altar
D:5:      layout_loops_ring, tso_oasis_becter, lemuel_crystal_altar,
          lemuel_round_altar, serial_shops, nicolae_shop_trees
D:6:      kennysheep_windowed_halls, layout_rooms,
          grunt_dithmenos_smoke_and_mirrors, kennysheep_mini_moat,
          lemuel_another_geyser
D:7:      gammafunk_corrupted_shrine, layout_basic,
          nemelex_xobeh_ov_fountains_minmay, lemuel_doored_altar,
          minmay_temple_entry_antechambers
D:8:      layout_layer_cave, dancing_weapons_uskayaw, minmay_lair_entry_grove
D:9:      minmay_thinvault, layout_cave_pods, erik_orc_3, grunt_ogre_cave
Abyss:1

Notes
Turn   | Place    | Note
-------+----------+-------------------------------------------
     0 | Abyss:1  | Monsterracer the Ogre Abyssal Knight began the quest for
                  | the Orb.
     0 | Abyss:1  | Reached XP level 1. HP: 24/24 MP: 2/2
    58 | Abyss:1  | Noticed a large abomination
    76 | D:1      | Escaped the Abyss
   149 | D:1      | Reached XP level 2. HP: 30/32 MP: 3/3
   470 | D:1      | Reached XP level 3. HP: 39/39 MP: 4/4
   556 | D:1      | Reached ** piety under Lugonu
   861 | D:1      | You fall through a shaft!
  1204 | D:2      | Noticed Robin
  1214 | D:2      | Reached XP level 4. HP: 47/48 MP: 5/5
  1218 | D:2      | HP: 21/48 [hobgoblin/+0 club[Robin] (8)]
  1280 | D:2      | Killed Robin
  1288 | D:2      | HP: 20/48 [worm (8)]
  1294 | D:2      | HP: 11/48 [worm (7)]
  1300 | D:2      | HP: 10/48 [goblin/+0 dagger[Robin] (2)]
  1395 | D:2      | HP: 21/48 [hobgoblin[Robin] (4)]
  1657 | D:2      | Noticed Jessica
  1672 | D:2      | Killed Jessica
  1672 | D:2      | Reached skill level 5 in Polearms
  1672 | D:2      | Reached XP level 5. HP: 44/54 MP: 6/6
  1861 | D:2      | Found a shimmering altar of Xom.
  2453 | D:3      | HP: 27/54 [poisoned by an adder]
  2458 | D:3      | HP: 24/54 [poisoned by an adder]
  2464 | D:3      | HP: 22/54 [poisoned by an adder]
  2470 | D:3      | HP: 21/54 [poisoned by an adder]
  2478 | D:3      | HP: 20/54 [poisoned by an adder]
  2862 | D:3      | Reached *** piety under Lugonu
  2864 | D:3      | HP: 25/55 [adder (3)]
  2870 | D:3      | HP: 15/55 [poisoned by an adder]
  2872 | D:3      | Reached skill level 1 in Shields
  2875 | D:3      | HP: 8/55 [poisoned by an adder]
  2880 | D:3      | HP: 4/55 [poisoned by an adder]
  2887 | D:3      | HP: 26/55 [poisoned by an adder]
  2894 | D:3      | HP: 25/55 [poisoned by an adder]
  2902 | D:3      | HP: 25/55 [poisoned by an adder]
  3255 | D:3      | Reached XP level 6. HP: 59/63 MP: 7/7
  3340 | D:3      | Reached skill level 1 in Axes
  4067 | D:4      | Noticed a phantom
  4085 | D:4      | HP: 28/63 [phantom (6)]
  4091 | D:4      | Killed a phantom
  4391 | D:4      | Found a deep blue altar of Sif Muna.
  4952 | D:5      | Entered Level 5 of the Dungeon
  4961 | D:5      | Reached XP level 7. HP: 63/71 MP: 8/8
  5013 | D:5      | Found Fuacheuf's Weapon Shoppe.
  5107 | D:5      | Reached skill level 5 in Fighting
  5161 | D:5      | Found an ornate altar of the Wu Jian Council.
  5352 | D:5      | Found a hazy altar of Hepliaklqana.
  5656 | D:5      | Found a glowing golden altar of the Shining One.
  5778 | D:6      | Found a shadowy altar of Dithmenos.
  5780 | D:6      | Reached **** piety under Lugonu
  5788 | D:6      | Reached XP level 8. HP: 57/81 MP: 9/9
  6048 | D:6      | Reached skill level 5 in Axes
  6149 | D:6      | Found a stormy altar of Qazlal.
  6411 | D:6      | HP: 39/83 [acid (6)]
  6418 | D:6      | HP: 30/83 [poisoned by a worker ant]
  6426 | D:6      | HP: 26/83 [poisoned by a worker ant]
  6433 | D:6      | HP: 20/83 [quokka (5)]
  6441 | D:6      | HP: 19/83 [quokka (1)]
  7114 | D:6      | Got a brightly glowing helmet
  7116 | D:6      | Identified the +2 helmet of Shadows and Fog {rF+++ Str-4
                  | Int-3 Dex+3} (You found it on level 6 of the Dungeon)
  7184 | D:6      | Reached skill level 5 in Shields
  7185 | D:6      | Reached XP level 9. HP: 84/92 MP: 10/10
  7291 | D:7      | Found a glowing silver altar of Zin.
  7309 | D:7      | Found a transporter.
  7352 | D:7      | Found a sparkling altar of Nemelex Xobeh.
  7355 | D:7      | Noticed a hornet
  7360 | D:7      | Paralysed by a hornet for 2 turns
  7368 | D:7      | HP: 41/92 [hornet (8)]
  7373 | D:7      | HP: 37/92 [poisoned by a hornet]
  7380 | D:7      | HP: 35/92 [poisoned by a hornet]
  7387 | D:7      | HP: 35/92 [poisoned by a hornet]
  7395 | D:7      | HP: 35/92 [poisoned by a hornet]
  7493 | D:7      | Found a corrupted altar of Lugonu.
  7493 | D:7      | Found a transporter.
  7493 | D:7      | Noticed a cyan ugly thing
  7494 | D:7      | Noticed a cyan ugly thing
  7779 | D:7      | Banished a hornet
  7987 | D:7      | Found a staircase to the Ecumenical Temple.
  8228 | D:7      | HP: 46/93 [orc priest/+0 whip (1)]
  9035 | D:8      | Gained mutation: Your mind is acute. (Int +2) [potion of
                  | mutation]
  9035 | D:8      | Gained mutation: Your spells are a little harder to cast,
                  | but a little more powerful. [potion of mutation]
  9304 | D:8      | HP: 41/94 [porcupine's spines (10)]
  9306 | D:8      | Noticed a +0 hand axe
  9306 | D:8      | Noticed a +0 hand axe
  9307 | D:8      | Reached skill level 5 in Invocations
  9308 | D:8      | Found a hide-covered altar of Uskayaw.
  9438 | D:8      | Found a staircase to the Lair.
  9490 | D:8      | HP: 39/96 [porcupine's spines (12)]
  9492 | D:8      | Reached XP level 10. HP: 34/104 MP: 12/14
 10537 | D:8      | Reached ***** piety under Lugonu
 11076 | D:9      | HP: 51/106 [wight/cursed +5 battleaxe (8)]
 11360 | D:9      | HP: 39/107 [yak (15)]
 11365 | D:9      | HP: 28/107 [yak (12)]
 11367 | D:9      | HP: 12/107 [yak (17)]
 11373 | D:9      | HP: 2/107 [yak (12)]
 11374 | D:9      | Mangled by a yak

Vanquished Creatures
  2 hippogriffs (D:9)
  4 yaks (D:9)
  4 porcupines (D:8)
  4 orc warriors (D:6 D:7)
  An ice beast (D:9)
  3 phantoms (D:4 D:5 D:8)
  2 black bears (D:6 D:8)
  4 ogres (D:8 D:9)
  2 necrophages (D:7 D:9)
  4 wolves (D:8)
  5 centaurs (D:5 D:6 D:7 D:9)
  3 crocodiles (D:8)
  A big kobold (D:9)
  7 bullfrogs (D:6 D:7 D:9)
  A scorpion (D:6)
  A killer bee (D:9)
  3 howler monkeys (D:8 D:9)
  9 wights (D:6 D:8 D:9)
  A crimson imp (D:6)
  2 jellies (D:5 D:6)
  A centaur zombie (D:7)
  4 orc priests (D:3 D:7 D:8)
  Jessica (D:2)
  A bullfrog skeleton (D:9)
  3 iguanas (D:4 D:6 D:9)
  An orc wizard (D:8)
  6 worker ants (D:4 D:5 D:6 D:7 D:9)
  Robin (D:2)
  2 worker ant zombies (D:6)
  2 gnolls (D:1 D:9)
  A howler monkey skeleton (D:8)
  12 adders (D:2 D:3 D:6 D:7 D:8)
  3 oozes (D:1 D:4 D:6)
  3 adder zombies (D:6 D:7 D:9)
  3 worms (D:2 D:4 D:5)
  4 dart slugs (D:1 D:2 D:3)
  2 leopard geckos (D:2 D:5)
  17 orcs (D:3 D:6 D:7 D:8)
  A ball python (D:3)
  9 bats (D:1 D:2 D:3)
  4 giant cockroaches (D:1 D:2 D:3)
  17 hobgoblins (D:1 D:2 D:3)
  10 jackals (D:2 D:6 D:7)
  6 kobolds (D:1 D:2 D:3)
  3 quokkas (D:2 D:3 D:6)
  4 frilled lizards (D:1 D:2 D:5)
  11 goblins (D:1 D:2 D:3)
  A jackal zombie (D:6)
  A leopard gecko skeleton (D:4)
  A quokka zombie (D:6)
  7 rats (D:1 D:2 D:3)
205 creatures vanquished.

Vanquished Creatures (others)
  A hornet (D:7)
  2 fungi (D:8)
  2 plants (D:8)
5 creatures vanquished.

Grand Total: 210 creatures vanquished

Table legend:
 A = Turns spent in this place as a percentage of turns spent in the entire game.
 B = Non-inter-level travel turns spent in this place as a percentage of non-inter-level travel turns spent in the entire game.
 C = Inter-level travel turns spent in this place as a percentage of turns spent in this place.
 D = Turns resting spent in this place as a percentage of non-inter-level travel turns spent in this place.
 E = Turns spent auto-exploring this place as a percentage of non-inter-level travel turns spent in this place.
 F = Non-inter-level travel turns spent in this place divided by the number of levels of this place that you've seen.
                   A       B       C       D       E      F
               +-------+-------+-------+-------+-------+----------------------
         Total | 100.0 | 100.0 |   1.6 |   4.2 |  80.8 | 1118.9
       Dungeon |  99.3 |  99.3 |   1.6 |   4.2 |  80.8 | 1234.8
         Abyss |   0.7 |   0.7 |   0.0 |   0.0 |  76.3 |  76.0
               +-------+-------+-------+-------+-------+----------------------

Table legend:
 A = Non-vault XP
 B = Vault XP
 C = Vault XP percentage of total XP
 D = Non-vault monster count
 E = Vault monster count
 F = Vault count percentage of total count
                 A         B        C        D         E       F
            +---------+---------+-------+---------+---------+-------
      Total |    4108 |    4096 |  49.9 |     138 |      68 |  33.0
            +---------+---------+-------+---------+---------+-------
        D:1 |      59 |       0 |   0.0 |      23 |       0 |   0.0
        D:2 |      56 |      71 |  55.9 |      23 |      12 |  34.3
        D:3 |     147 |      42 |  22.2 |      23 |      10 |  30.3
        D:4 |     211 |       0 |   0.0 |       6 |       0 |   0.0
        D:5 |     327 |       0 |   0.0 |       7 |       0 |   0.0
        D:6 |     724 |     795 |  52.3 |      18 |      17 |  48.6
        D:7 |     985 |       0 |   0.0 |      18 |       0 |   0.0
        D:8 |     646 |    1601 |  71.3 |      14 |      13 |  48.1
        D:9 |     953 |    1587 |  62.5 |       6 |      16 |  72.7
            +---------+---------+-------+---------+---------+-------
